Map: Ascension to Aiur LE

Players

Wiglaf

  • Race: Terran Terran
  • League: Platinum
  • Spawn Location: 11:00

UpAnIceman - Winner!

  • Race: Terran Terran
  • Spawn Location: 5:00

VOD

Have the link to the VOD?

Description

Time

  • Played on: Aug. 20, 2017, 4:12 p.m.
  • Length: 12:50
Show
View Real Time Build Order
Export as new Build Order

Wiglaf Terran 

Build Orders:  

Get SALT Encoding   

  12  0:01  SCV  
  13  0:13  SCV  
  14  0:19  Supply Depot  
  14  0:27  Refinery  
  14  0:29  SCV  
  15  0:43  Barracks  
  15  0:48  SCV  
  16  1:01  SCV  
  17  1:19  Refinery  
  17  1:26  Supply Depot  
  17  1:27  SCV  
  18  1:33  Refinery  
  18  1:36  Reaper  
  18  1:39  Orbital Command  
  19  1:56  Factory  
  19  2:23  Reaper  
  20  2:31  SCV  
  21  2:45  SCV  
  21  2:47  Factory Tech Lab  
  21  2:48  Starport  
  22  2:57  SCV  
  23  3:05  Marine  
  24  3:06  Siege Tank  
  24  3:09  SCV  
  24  3:11  Supply Depot  
  28  3:14  Barracks  
  28  3:22  SCV  
  28  3:25  Starport Reactor  
  29  3:30  Marine  
  30  4:27  Marine  
  30  4:28  Siege Tank  
  30  4:30  Medivac  
  34  4:33  Marine  
  35  4:44  Marine  
  36  4:48  Engineering Bay, Command Center  
  36  4:51  Marine  
  37  4:57  Medivac  
  39  5:02  Command Center  
  39  5:07  Supply Depot  
  39  5:13  Supply Depot  
  39  5:18  Marine x2  
  39  5:19  Viking  
  43  5:34  Siege Tank  
  46  5:36  Marine x2  
  48  5:47  Viking  
  48  5:49  Viking  
  52  5:53  SCV  
  52  5:56  Marine  
  52  5:57  Marine  
  54  6:02  Missile Turret  
  55  6:10  Siege Tank  
  49  6:40  Orbital Command x2  
  48  6:50  Barracks Reactor, Barracks Tech Lab  
  48  6:52  Viking x2  
  50  7:00  SCV  
  51  7:04  Refinery  
  51  7:12  SCV  
  52  7:16  SCV x2  
  54  7:24  SCV  
  54  7:28  SCV  
  56  7:40  Siege Tank  
  56  7:41  Marine x3  
  62  7:49  SCV x2  
  62  7:50  SCV  
  65  7:51  Sensor Tower  
  65  7:56  Medivac, Missile Turret  
  67  8:01  SCV x2  
  67  8:02  SCV  
  70  8:13  SCV x2  
  70  8:14  SCV  
  70  8:19  Missile Turret  
  73  8:24  Sensor Tower  
  73  8:25  SCV  
  73  8:26  SCV x2  
  76  8:28  Marine x3  
  79  8:37  Missile Turret  
  79  8:39  Missile Turret  
  79  8:43  Refinery  
  80  8:48  SCV x3  
  82  8:56  Marine x3  
  82  9:00  SCV x2  
  82  9:01  SCV  
  87  9:13  Siege Tank  
  87  9:14  Marine x3  
  92  9:31  Marine  
  92  9:34  Viking  
  93  9:41  Combat Shields  
  93  9:43  Terran Infantry Armor Level 1  
  93  9:48  Armory  
  93  9:49  Armory  
  93  9:53  Supply Depot  
  93  9:58  Missile Turret  
  93  9:59  Missile Turret  
  93  10:03  Refinery  
  93  10:05  Marine, Refinery  
  93  10:07  SCV  
  93  10:14  Marine, Viking x2, Siege Tank  
  93  10:17  Supply Depot  
  101  10:38  Marine x3  
  101  10:39  SCV x3  
  107  10:45  Terran Vehicle Weapons Level 1, Terran Vehicle And Ship Armor Level 1  
  107  10:51  SCV x2  
  107  10:55  SCV  
  107  10:56  Marine x2, Siege Tank  
  107  10:58  Missile Turret  
  107  11:03  SCV x2  
  101  11:15  Medivac x2  
  104  11:42  Missile Turret  
  104  11:43  Missile Turret x2  
  104  11:50  Marine  
  104  11:52  Siege Tank  
  108  11:57  Factory  
  108  12:01  Factory  
  97  12:19  Marine  
Show
View Real Time Build Order
Export as new Build Order

UpAnIceman Terran - Winner!

Build Orders: Reaper Expand, MMM Bio 

Get SALT Encoding   

  12  0:01  SCV  
  13  0:14  SCV  
  14  0:18  Supply Depot  
  14  0:26  SCV  
  15  0:29  Refinery  
  15  0:40  SCV  
  16  0:45  Barracks  
  16  0:52  SCV  
  17  1:04  SCV  
  18  1:16  SCV  
  19  1:32  Orbital Command  
  19  1:33  Reaper  
  20  1:56  Command Center  
  20  2:15  SCV  
  20  2:17  Factory  
  20  2:18  Marine  
  20  2:20  Supply Depot  
  22  2:27  SCV  
  22  2:38  Marine  
  22  2:41  SCV  
  24  2:53  SCV  
  25  3:05  SCV, Factory Tech Lab  
  25  3:06  Barracks Reactor  
  25  3:07  Starport  
  25  3:08  Orbital Command  
  26  3:17  SCV  
  27  3:25  Refinery  
  27  3:30  SCV  
  27  3:47  Siege Tank  
  27  3:48  Marine x2  
  27  3:54  SCV  
  28  4:06  SCV  
  25  4:18  SCV  
  25  4:22  Orbital Command  
  24  4:30  SCV  
  24  4:36  Marine x2, Siege Tank  
  24  4:37  Viking  
  31  4:42  SCV  
  31  4:43  Barracks  
  31  4:44  Barracks  
  32  4:49  SCV  
  33  4:54  SCV  
  33  4:56  Bunker  
  34  5:01  SCV  
  34  5:04  Marine x2  
  34  5:06  SCV  
  38  5:07  Viking  
  38  5:13  SCV  
  41  5:19  SCV  
  42  5:22  Marine x2  
  42  5:25  SCV  
  42  5:26  Supply Depot  
  45  5:32  SCV  
  45  5:33  Barracks Tech Lab x2  
  46  5:48  SCV x2, Viking, Siege Tank  
  53  5:50  Supply Depot  
  53  5:55  Marine  
  54  6:04  Supply Depot  
  54  6:07  Refinery  
  54  6:08  Refinery  
  54  6:11  SCV x2, Marine  
  54  6:12  Stimpack  
  54  6:13  Marine  
  58  6:24  SCV x2  
  60  6:29  Marine  
  58  6:36  SCV  
  58  6:39  SCV  
  60  6:41  Marine  
  60  6:42  Siege Tank  
  60  6:44  Marine  
  60  6:45  Marine  
  66  6:47  Marine  
  66  6:48  SCV  
  66  6:50  Supply Depot  
  66  6:51  SCV  
  69  6:57  Starport Reactor  
  69  6:59  Marine  
  70  7:09  Engineering Bay  
  70  7:10  Engineering Bay  
  70  7:12  SCV x2, Marine x3  
  75  7:22  Bunker  
  74  7:24  SCV x2  
  74  7:26  Marine  
  77  7:30  Marine  
  78  7:38  Supply Depot  
  78  7:48  Terran Infantry Weapons Level 1, Terran Infantry Armor Level 1  
  78  7:51  Armory  
  78  8:00  SCV x2, Marine x4  
  78  8:01  Supply Depot  
  84  8:06  Combat Shields, Supply Depot  
  84  8:12  SCV x2  
  86  8:21  Supply Depot  
  86  8:22  Medivac x2, Marine x3, Supply Depot  
  93  8:28  Marine, Siege Tank  
  93  8:29  SCV x2  
  99  8:40  Marine x3  
  102  8:43  SCV x2  
  102  8:44  Terran Vehicle Weapons Level 1  
  102  8:46  Marine, Supply Depot  
  102  8:47  Supply Depot  
  105  8:55  SCV x2  
  107  8:57  Viking  
  107  8:58  Viking  
  107  9:00  Marine x3  
  113  9:11  Marine  
  113  9:13  Siege Tank  
  117  9:18  Marine x3, Concussive Shells  
  120  9:29  Marine  
  120  9:30  Command Center  
  121  9:35  Marine x2  
  121  9:36  Marine  
  121  9:47  Marine, Siege Tank  
  121  9:48  Viking  
  121  9:49  Viking  
  129  9:53  SCV x2, Marine x2  
  129  9:54  Terran Infantry Weapons Level 2  
  133  10:05  SCV  
  134  10:22  Supply Depot  
  134  10:32  Terran Infantry Armor Level 2  
  134  10:39  Barracks  
  134  10:41  Marine x4  
  134  10:42  Barracks  
  138  10:43  Medivac  
  138  10:44  Medivac, Barracks  
  138  10:46  Barracks  
  138  10:47  SCV x2  
  142  10:59  Marine x4  
  146  11:17  Marine  
  136  11:35  Medivac x2, Siege Tank  
  136  11:36  Marine x3  
  136  11:37  Marine  
  147  11:46  Barracks Reactor  
  147  11:47  Barracks Reactor x3  
  147  11:50  SCV x2  
  149  11:54  Marine x4  
  153  12:02  SCV x2  
  155  12:12  Marine x2  
  157  12:18  Marine x2  
Tags
 
Composition
MMM Bio
League
Platinum
Matchup
TvT
Race
Terran
Spawn Locations
Cross Positions
Add a new tag
Caveats
  • Supply blocks, unpowered buildings, or Contaminate may cause inaccurate times.
  • Supply counts are checked every 10 seconds.